 Dungeon Crawl Stone Soup version 0.17-a0-2093-gc772f4b (webtiles) character file.

239 brucemayne the Cleaver (level 6, -2/76 HPs)
             Began as a Hill Orc Berserker on Oct 16, 2015.
             Was a Follower of Trog.
             Slain by an ogre
             ... wielding a +0 giant club
              (19 damage)
             ... on level 6 of the Dungeon.
             The game lasted 00:04:10 (923 turns).

brucemayne the Cleaver (Hill Orc Berserker)          Turns: 923, Time: 00:04:10

Health: -2/76      AC:  8    Str: 26    XL:     6   Next: 7%
Magic:  6/6        EV: 11    Int:  8    God:    Trog [*.....]
Gold:   84         SH:  0    Dex: 10    Spells: 0 memorised, 5 levels left

rFire  . . .     SeeInvis .     a - +0 hand axe
rCold  . . .     Clarity  .     r - +0 ring mail
rNeg   . . .     SustAt   .     (no shield)
rPois  .         Gourm    .     p - +2 hat
rElec  .         Spirit   .     j - +0 cloak (curse)
rCorr  .         Warding  .     (no gloves)
rMut   .         Stasis   .     (no boots)
MR     .....                    (no amulet)
Stlth  ..........               (no ring)
                                (no ring)

@: berserking, very quick, not resistant to hostile enchantments, extremely
unstealthy
A: no striking features
a: Burn Spellbooks, Berserk, Renounce Religion


You were on level 6 of the Dungeon.
You worshipped Trog.
Trog was aware of your devotion.
You were hungry.

You visited 1 branch of the dungeon, and saw 7 of its levels.

You collected 84 gold pieces.

Inventory:

Hand Weapons
 a - a +0 hand axe (weapon)
Missiles
 m - 4 javelins (quivered)
Armour
 b - a +0 animal skin
 f - a +0 leather armour
 j - a cursed +0 cloak (worn)
 p - a +2 hat (worn)
 r - a +0 ring mail (worn)
Wands
 n - a wand of random effects (13)
 s - a wand of slowing (24)
Scrolls
 d - a scroll of fear {unknown}
 h - 2 scrolls of identify {unknown}
 i - a scroll of remove curse {unknown}
 k - a scroll of random uselessness {unknown}
 l - a scroll of recharging {unknown}
 o - a scroll of teleportation {unknown}
Potions
 e - a potion of magic {unknown}
 g - 2 potions of haste {unknown}
 t - a potion of berserk rage {unknown}
Comestibles
 c - 2 bread rations
 q - a chunk of flesh


   Skills:
 - Level 3.6 Fighting
 + Level 8.6 Axes
 - Level 2.1 Armour
 - Level 1.5 Dodging
 + Level 0.5 Stealth


You had 5 spell levels left.
You didn't know any spells.

Dungeon Overview and Level Annotations

Branches:
Dungeon (7/15)
 Temple: D:4-7

Altars:
Nemelex Xobeh
Vehumet

Portals:
Sewer: D:5


Message History

Found a stone staircase leading up.
Found 12 gold pieces.
Found a rapier.
Found a stone staircase leading down.
Found a scroll labeled GAWOMU MIEHEAT.
An ogre comes into view. It is wielding a giant club.
The ogre shouts!
Use which ability?
Okay, then.
Use which ability?
A red film seems to cover your vision as you go berserk!
You feel yourself moving faster!
You feel mighty!
You feel somewhat more hungry.
You hit the ogre.
The ogre is lightly wounded.
The ogre hits you with a giant club.
* * * LOW HITPOINT WARNING * * *
You slash the ogre!
The ogre is heavily wounded.
The ogre hits you with a giant club!!
You die...

#. ##..## #...
#.....###.. ##..>...#..#
.## #....$.....######...
#...........#.......
#...............).##
#......<.......##..##
#.......@O.....#....##
#...........#........##
##..........###.........
#...>.......# #..?......
#..........## #.........
#..........# ##.........
##.........#
#............
#........####............
#........# #.............


You could see an ogre.

Vanquished Creatures
  An ogre (D:4)
  A giant frog (D:6)
  An iguana (D:6)
  A worker ant (D:6)
  An adder (D:2)
  2 ball pythons
  2 bats (D:1)
  3 giant cockroaches
  3 goblins
  A hobgoblin (D:1)
  2 kobolds
  2 giant newts
  3 rats
23 creatures vanquished.

Notes
Turn   | Place    | Note
--------------------------------------------------------------
     0 | D:1      | brucemayne the Hill Orc Berserker began the quest for the Orb.
     0 | D:1      | Reached XP level 1. HP: 19/19 MP: 1/1
   134 | D:1      | Reached XP level 2. HP: 9/26 MP: 2/2
   479 | D:3      | Reached skill level 5 in Axes
   522 | D:2      | Reached XP level 3. HP: 26/31 MP: 3/3
   566 | D:3      | Reached ** piety under Trog
   632 | D:4      | Noticed an ogre
   641 | D:4      | Killed an ogre
   641 | D:4      | Reached skill level 7 in Axes
   641 | D:4      | Reached XP level 4. HP: 17/39 MP: 4/4
   641 | D:4      | Reached XP level 5. HP: 19/45 MP: 5/5
   691 | D:5      | Entered Level 5 of the Dungeon
   714 | D:5      | You fall through a shaft for 2 floors!
   714 | D:7      | Noticed a phantom
   740 | D:6      | Reached skill level 8 in Axes
   743 | D:6      | Found a sparkling altar of Nemelex Xobeh.
   782 | D:6      | Found a radiant altar of Vehumet.
   828 | D:6      | Reached XP level 6. HP: 15/51 MP: 6/6
   854 | D:5      | Found a glowing drain.
   854 | D:5      | Noticed an ogre
   910 | D:6      | Noticed an ogre
   923 | D:6      | Slain by an ogre

Vault maps used:
D:1:      dpeg_arrival_rhombus
D:2:      grunt_decor_clamped, st_stairs_7, dk_noncrumbling_3, uniq_jessica,
          uniq_sigmund
D:3:      lemuel_castle_with_subvaults, uniq_robin
D:4:      grunt_temple_overflow_gold_and_silver, nicolae_tso_besieged_by_evil,
          grunt_temple_overflow_open, first_bread
D:5:      lemuel_crystal_altar, gup_sewer_entry_glass
D:6:      vehumet_crystals, lemuel_crystal_altar, minmay_misc_feat_enclosed,
          uniq_grinder, uniq_edmund
D:7:      grunt_temple_overflow_growth_and_decay, minmay_temple_entry_grid,
          serial_bayou, serial_bayou_shore_a, serial_bayou_lagoon_b,
          serial_bayou_pond_b, serial_bayou_pond_a, grunt_livestock,
          minivault_22

Action                   |  1- 3 |  4- 6 || total
-------------------------+-------+-------++-------
Melee: Hand axe          |    82 |    13 ||    95
Invok: Berserk           |     2 |     3 ||     5
       Trog's Hand       |       |     2 ||     2
  Eat: Chunk             |       |     4 ||     4
